 Dungeon Crawl Stone Soup version 0.20.1-1-g8b1a95d (webtiles) character file.

51 rrRat the Gusty (level 3, 0/27 HPs)
             Began as a Draconian Air Elementalist on Nov 1, 2017.
             Slain by a hobgoblin
             ... wielding a +0 club
              (6 damage)
             ... on level 2 of the Dungeon.
             The game lasted 00:10:28 (881 turns).

rrRat the Gusty (Draconian Air Elementalist)         Turns: 881, Time: 00:10:28

Health: 0/27       AC:  5    Str: 11    XL:     3   Next: 58%
Magic:  6/6        EV: 12    Int: 15    God:
Gold:   105        SH:  0    Dex: 11    Spells: 5/6 levels left

rFire    . . .     SeeInvis .   c - +0 spear
rCold    . . .     Gourm    .   (no shield)
rNeg     . . .     Faith    .   (armour unavailable)
rPois    .         Spirit   .   (helmet restricted)
rElec    .         Reflect  .   (no cloak)
rCorr    .         Harm     .   (no gloves)
MR       .....     Rnd*Tele +   (no boots)
Stlth    ++........             (no amulet)
Regen    0.1/turn               i - ring of teleportation (curse)
MPRegen  0.1/turn               (no ring)

@: lethally poisoned (0 -> -3)
A: unfitting armour, cold-blooded, AC +5
a: no special abilities


You were on level 2 of the Dungeon.
You were not hungry.

You visited 1 branch of the dungeon, and saw 2 of its levels.

You collected 105 gold pieces.

Inventory:

Hand Weapons
 c - a +0 spear (weapon)
Jewellery
 i - a cursed ring of teleportation (left hand)
Scrolls
 d - a scroll of immolation {unknown}
Potions
 e - 2 potions of mutation {unknown}
 h - a potion of curing {unknown}
Books
 a - a book of Air

   Spells                             Type                      Level
   a - Shock                          Conjuration/Air              1
   b - Swiftness                      Charms/Air                   2
   c - Static Discharge               Conjuration/Air              3
   d - Airstrike                      Air                          4
   e - Lightning Bolt                 Conjuration/Air              5
Comestibles
 b - a bread ration
 f - a royal jelly


   Skills:
 * Level 0.7 Fighting
 * Level 1.7 Polearms
 + Level 2.1 Dodging
 + Level 2.1 Stealth
 + Level 2.0 Spellcasting
 + Level 1.0 Conjurations
 * Level 3.5 Air Magic


You had 5 spell levels left.
You knew the following spells:

 Your Spells              Type           Power        Failure   Level  Hunger
a - Shock                 Conj/Air       #...         9%          1    #......


Dungeon Overview and Level Annotations

Branches:
Dungeon (2/15)

Altars:


Innate Abilities, Weirdness & Mutations

Your plain brown scales are hard. (AC +5)
You cannot fit into any form of body armour.
You are cold-blooded and may be slowed by cold attacks.


Message History

You barely miss the frilled lizard.
You feel sick. The kobold misses you. The frilled lizard closely misses you.
The hobgoblin barely misses you.
You barely miss the frilled lizard.
Your tail-slap misses the frilled lizard.
The kobold completely misses you. The frilled lizard barely misses you.
The hobgoblin closely misses you.
You barely miss the frilled lizard. The kobold closely misses you.
The frilled lizard barely misses you. The hobgoblin hits you with a club.
* * * LOW HITPOINT WARNING * * *
You closely miss the frilled lizard.
You feel sick. The kobold barely misses you.
The frilled lizard barely misses you.
The hobgoblin hits you but does no damage.
You hit the frilled lizard.
You kill the frilled lizard!
The kobold closely misses you. The hobgoblin closely misses you.
You hit the goblin.
You kill the goblin!
The kobold misses you. The hobgoblin hits you with a club.
You die...

...## ....# ... ......
....# ..##......
....#####.. ..........
........... ..$......
.....#..... ......?..
.......#### #........
.........#######g.......
..###......(....@.......
..###...>...(...K.......
##.....................$
#..........#...........
#......................
#.......####...........
#.......# ####....)...
#.......# #........
#.......# #..


You could see a hobgoblin and a kobold.

Vanquished Creatures
  An adder (D:2)
  2 oozes (D:1)
  A worm (D:2)
  A dart slug (D:1)
  A leopard gecko (D:1)
  2 giant cockroaches (D:1)
  2 hobgoblins
  A kobold (D:1)
  A quokka (D:2)
  2 ball pythons (D:1)
  7 bats
  A frilled lizard (D:2)
  2 goblins
  6 rats
30 creatures vanquished.

Notes
Turn   | Place    | Note
-------+----------+-------------------------------------------
     0 | D:1      | rrRat the Draconian Air Elementalist began the quest for the Orb.
     0 | D:1      | Reached XP level 1. HP: 14/14 MP: 3/3
   241 | D:1      | Reached XP level 2. HP: 20/20 MP: 5/5
   325 | D:1      | Reached skill level 1 in Polearms
   634 | D:1      | Reached XP level 3. HP: 25/27 MP: 6/6
   881 | D:2      | Slain by a hobgoblin

Skill      XL: |  1  2 |
---------------+-------+-----
Polearms       | 1 |  1.7
Stealth        | 2 |  2.1
Dodging        | 2 |  2.1
Fighting       | |  0.7
Spellcasting   | |  2.0
Conjurations   | |  1.0
Air Magic      | |  3.5

Action                   || total
-------------------------++-------
Melee: Spear             ||   108
       Tailslap          ||     9
 Cast: Shock             ||     5
  Use: Scroll            ||     3
 Stab: Sleeping          ||     3
Armor: Skin              ||    49
Dodge: Dodged            ||   125
